AoeStats
← KootH.

African Clearing

506882694Analyzed
4v4 RM · 16d ago on Sep 15, 2026· 49m 59s· 8 players
Game mode
Random Map
Map size
Large (8 player)
Population
200
Speed
Normal
Resources
Standard
Victory
Conquest
Starting age
Dark Age
Ending age
Imperial Age
RankedLock teamsTeams togetherTeam positionsShared explorationLock speedFull tech treeHidden civsTurbo modeCheats
Victory
Defeat
🇬🇧 Huns · United Kingdom
1634
+8
🇬🇧 Vietnamese · United Kingdom
1545
+11
🇭🇰 Berbers · Hong Kong SAR China
1476
+14
🇨🇴 Magyars · Colombia
1408
+17
🇯🇵 Poles · Japan
1570
-17
🇻🇳 Mongols · Vietnam
1466
-14
🇻🇳 Koreans · Vietnam
1401
-11
🇻🇳 Spanish · Vietnam
1315
-8
609170940
13:27 Feudal Age
11:47 Loom
13:48 Feudal Age
15:22 Double-Bit Axe
18:36 Castle Age
19:35 Bow Saw
25:52 Padded Archer Armor
28:46 Horse Collar
31:09 Fletching
35:37 Leather Archer Armor
35:17 Bodkin Arrow
35:59 Heavy Plow
37:59 Wheelbarrow
41:17 Imperial Age
39:34 Ballistics
39:35 Hand Cart
42:35 Ring Archer Armor
42:05 Bracer
42:35 Ring Archer Armor
43:06 Chemistry
41:29 Elite Camel Archer
42:31 Conscription
43:14 Maghrebi Camels
45:05 Kasbah
44:50 Treadmill Crane
45:10 Stone Mining
45:10 Gold Mining
47:02 Thumb Ring
47:08 Bloodlines
46:58 Husbandry
47:48 Stone Shaft Mining
47:49 Gold Shaft Mining
46:47 Capped Ram
KootH.
6:26 Loom
12:35 Feudal Age
20:57 Wheelbarrow
21:06 Horse Collar
21:15 Double-Bit Axe
21:27 Fletching
25:22 Castle Age
25:03 Scale Barding Armor
25:11 Bloodlines
24:56 Gold Mining
26:15 Husbandry
36:46 Chain Barding Armor
37:52 Bow Saw
39:39 Bodkin Arrow
39:45 Padded Archer Armor
43:45 Imperial Age
43:25 Hand Cart
43:49 Cavalier
45:58 Plate Barding Armor
46:10 Gold Shaft Mining
45:31 Paladin
48:16 Heavy Plow
50:21 Parthian Tactics
50:02 Thumb Ring
49:59 Bracer
Breakfast
11:20 Feudal Age
10:18 Loom
12:09 Double-Bit Axe
15:45 Fletching
18:27 Horse Collar
23:26 Castle Age
21:55 Padded Archer Armor
24:04 Bodkin Arrow
23:30 Crossbowman
28:01 Leather Archer Armor
28:20 Ballistics
37:40 Bow Saw
43:24 Husbandry
43:34 Bloodlines
44:54 Thumb Ring
49:08 Imperial Age
47:09 Masonry
48:23 Scale Barding Armor
49:05 Wheelbarrow
48:15 Town Watch
50:55 Chemistry
49:56 Bracer
50:18 Chain Barding Armor
50:13 Forging
50:13 Heavy Plow
50:05 Gold Mining
50:06 Stone Mining
CD播放机
13:01 Feudal Age
11:16 Loom
12:36 Loom
17:11 Castle Age
15:33 Double-Bit Axe
15:40 Gold Mining
18:51 Fletching
19:13 Padded Archer Armor
20:34 Town Watch
20:59 Padded Archer Armor
25:11 Bow Saw
32:26 Bodkin Arrow
33:31 Town Watch
33:55 Horse Collar
34:59 Ballistics
34:55 Forging
36:26 Wheelbarrow
39:59 Imperial Age
38:30 Leather Archer Armor
39:38 Elite Skirmisher
40:49 Bracer
41:28 Ring Archer Armor
42:03 Chemistry
42:21 Thumb Ring
42:18 Imperial Skirmisher
43:55 Hand Cart
44:15 Heavy Plow
47:41 Paper Money
46:51 Crossbowman
49:22 Arbalester
49:46 Elite Rattan Archer
Giáp 95
2:50 Loom
4:32 Loom
12:05 Feudal Age
17:28 Castle Age
18:26 Double-Bit Axe
18:32 Stone Mining
18:39 Gold Mining
21:02 Fletching
25:01 Bodkin Arrow
29:28 Ballistics
34:05 Husbandry
42:15 Imperial Age
41:11 Wheelbarrow
41:42 Gold Shaft Mining
41:58 Light Cavalry
42:45 Scale Barding Armor
42:50 Forging
42:58 Gambesons
42:34 Man-at-Arms
43:14 Squires
43:03 Arson
44:30 Conscription
44:35 Long Swordsman
46:19 Scale Mail Armor
46:30 Forging
46:41 Chain Barding Armor
45:46 Two-Handed Swordsman
46:22 Pikeman
47:38 Bracer
48:33 Hand Cart
47:56 Elite Skirmisher
48:55 Town Watch
JIJINz
6:21 Loom
12:32 Feudal Age
14:14 Double-Bit Axe
16:45 Scale Barding Armor
23:11 Fletching
26:54 Castle Age
26:29 Gold Mining
26:33 Stone Mining
32:39 Ballistics
32:29 Guard Tower
33:32 Bodkin Arrow
34:50 Murder Holes
36:43 Scale Mail Armor
41:44 Arson
41:59 Squires
42:09 Squires
Ố Là La
14:06 Feudal Age
17:49 Castle Age
15:49 Double-Bit Axe
15:58 Stone Mining
16:53 Gold Mining
16:45 Horse Collar
17:56 Loom
19:31 Bow Saw
25:46 Fletching
27:25 Padded Archer Armor
34:52 Wheelbarrow
37:30 Imperial Age
37:36 Imperial Age
37:52 Capped Ram
39:20 Scale Barding Armor
40:25 Conscription
40:26 Chain Barding Armor
40:52 Forging
40:54 Bloodlines
40:46 Husbandry
41:06 Elite Steppe Lancer
43:22 Iron Casting
44:35 Gold Shaft Mining
44:01 Heavy Plow
45:29 Blast Furnace
45:41 Light Cavalry
46:36 Hussar
TạNgànCân
5:33 Loom
14:32 Feudal Age
18:29 Castle Age
16:26 Double-Bit Axe
17:20 Gold Mining
Connection lost

Rejoining the realm…

Still unreachable

The connection could not be restored.

Session expired

The server has moved on; the page needs a fresh start.